 Dungeon Crawl Stone Soup version 0.28-a0-8-g6e044cfa68 (webtiles) character file.

Game seed: 8297936349445358565

89 Sin92 the Skirmisher (level 4, -2/35 HPs)
             Began as a Demonspawn Fighter on July 23, 2021.
             Slain by Pikel (3 damage)
             ... on level 4 of the Dungeon.
             The game lasted 00:02:33 (2453 turns).

Sin92 the Skirmisher (Demonspawn Fighter)           Turns: 2453, Time: 00:02:35

Health: -2/35      AC: 11    Str: 18    XL:     4   Next: 31%
Magic:  4/4        EV:  5    Int:  9    God:
Gold:   123        SH:  9    Dex: 12    Spells: 3/3 levels left

rFire   . . .      SeeInvis .   a - +0 war axe
rCold   . . .      Faith    .   c - +0 kite shield
rNeg    . . .      Spirit   .   i - +0 chain mail
rPois   .          Reflect  .   (helmet restricted)
rElec   .          Harm     .   (no cloak)
rCorr   .          Rampage  .   k - +1 pair of gloves
Will    .....                   (no boots)
Stlth   ..........              (no amulet)
HPRegen 0.11/turn               (no ring)
MPRegen 0.09/turn               (no ring)

@: mighty, attractive
A: antennae 1, spiny 1
a: no special abilities


You were on level 4 of the Dungeon.
You visited 1 branch of the dungeon, and saw 4 of its levels.

You collected 123 gold pieces.

Inventory:

Hand Weapons
 a - a +0 war axe (weapon)
Armour
 b - a +0 scale mail
 c - a +0 kite shield (worn)
 i - a +0 chain mail (worn)
 k - a +1 pair of gloves (worn)
Scrolls
 j - 2 scrolls of amnesia
 p - 2 scrolls of summoning
Potions
 d - 2 potions of might
 f - a potion of lignification
 g - a potion of ambrosia {unknown}
 h - a potion of curing {unknown}
 l - a potion of haste {unknown}


   Skills:
 + Level 3.3 Fighting
 * Level 2.8 Axes
 + Level 3.1 Armour
 + Level 1.1 Dodging
 + Level 3.1 Shields


You had 3 spell levels left.
You didn't know any spells.
Your spell library was empty.

Dungeon Overview and Level Annotations

Branches:
Dungeon (4/15)
 Temple: D:4-7

Altars:

Annotations:
D:4 Pikel


Innate Abilities, Weirdness & Mutations

You have a pair of small antennae on your head.
You are partially covered in sharp spines.


Message History

An orc wizard comes into view. It is wielding a +0 dagger.
It was a potion of attraction.
You feel attractive to monsters. Pikel is pulled toward you!
The lemure is pulled toward you! The orc wizard is pulled toward you!
You feel very mighty all of a sudden. You block Pikel's attack.
You closely miss Pikel.
Pikel is lightly wounded.
You block Pikel's attack.
Pikel hits you with a +0 whip of flaming.
Pikel burns you.
You closely miss Pikel.
Pikel is lightly wounded.
You block Pikel's attack.
The orc wizard gestures wildly while chanting.
The orc wizard flickers and vanishes!
Deactivating autopickup; reactivate with Ctrl-A.
You barely miss Pikel.
Pikel is lightly wounded.
You block Pikel's attack. Pikel barely misses you.
You slash Pikel!
Pikel is moderately wounded.
Pikel is struck by your spines. Pikel hits you but does no damage.
You closely miss Pikel.
Pikel is moderately wounded.
Pikel is struck by your spines.
Pikel hits you with a +0 whip of flaming.
Pikel burns you.
Pikel says, "All the demons know me.
They respect me."
Pikel hits you with a +0 whip of flaming.
Pikel burns you.
* * * LOW HITPOINT WARNING * * *
You miss Pikel.
Pikel is moderately wounded.
Pikel is struck by your spines.
Pikel hits you with a +0 whip of flaming!
* * * LOW HITPOINT WARNING * * *
Pikel burns you.
You die...

............. ..
............... ...
#............... ...#
#............... . ..#
#.........†..... .. ...
#..........<.... ...
#.###............### ....
#...#..........†.# .....Z
#@##...........#
.....Z####K###......##.##
#5..##5##......###.####
###.Z{55.....#..<......
#.....5.......#.........
....####........#.........
... #........#......... .
#.........#.)......#
#.................##


You could see Pikel and 4 lemures.

Vanquished Creatures
  2 adders
  A dart slug (D:1)
  6 bats
  6 endoplasms
  6 giant cockroaches
  8 hobgoblins
  7 jackals
  3 quokkas
  5 ball pythons
  4 frilled lizards
  7 goblins
  5 rats
60 creatures vanquished.

Notes
Turn   | Place    | Note
-------+----------+-------------------------------------------
     0 | D:1      | Sin92 the Demonspawn Fighter began the quest for the Orb.
     0 | D:1      | Reached XP level 1. HP: 18/18 MP: 1/1
   220 | D:1      | Gained mutation: You are partially covered in sharp spines.
                  | [demonic ancestry]
   220 | D:1      | Reached XP level 2. HP: 24/24 MP: 2/2
   474 | D:1      | Gained mutation: You have a pair of small antennae on your
                  | head. [demonic ancestry]
   474 | D:1      | Reached XP level 3. HP: 28/29 MP: 3/3
   529 | D:1      | Found a faded altar of an unknown god.
  1320 | D:2      | Reached skill level 1 in Dodging
  1751 | D:2      | Reached XP level 4. HP: 32/35 MP: 4/4
  2432 | D:4      | Noticed Pikel
  2432 | D:4      | Noticed a lemure
  2432 | D:4      | Noticed a lemure
  2433 | D:4      | Noticed a lemure
  2434 | D:4      | Noticed a lemure
  2453 | D:4      | HP: 1/35 [Pikel (9)]
  2453 | D:4      | Slain by Pikel

Illustrated notes

Levels and vault maps discovered:
D:1:      lemuel_arrival_funnel, layout_basic,
          hellmonk_ecumenical_altar_pennies_from_heaven, minivault_24,
          minmay_tripent
D:2:      layout_loops_ring
D:3:      layout_loops_ring, minmay_misc_feat_tiny
D:4:      layout_rooms, nicolae_vehumet_altar_sigil,
          nicolae_tso_swordbearing_angel, uniq_pikel, uniq_ijyb

Skill      XL: |  1  2  3 |
---------------+----------+-----
Axes           | 2 |  2.8
Armour         | 3 |  3.1
Shields        | 3 |  3.1
Dodging        | 1 |  1.1
Fighting       | |  3.3

Action                   |  1- 3 |  4- 6 || total
-------------------------+-------+-------++-------
Melee: War axe           |    82 |    31 ||   113
  Use: Scroll            |     2 |     4 ||     6
       Potion            |     1 |     2 ||     3
Armor: Scale mail        |    20 |       ||    20
       Chain mail        |    11 |    20 ||    31
Dodge: Dodged            |    24 |     6 ||    30
Block: Kite shield       |    35 |    21 ||    56

Table legend: (Time is in decaauts)
 A = Elapsed time spent in this place.
 B = Non-inter-level travel time spent in this place.
 C = Inter-level travel time spent in this place.
 D = Time resting spent in this place.
 E = Time spent auto-exploring this place.
 F = Levels seen in this place.
 G = Mean time per level.
                   A        B        C        D        E       F      G
               +--------+--------+--------+--------+--------+-----+--------+
         Total |   2529 |   2471 |     58 |     17 |   2063 |   4 |  632.2 |
       Dungeon |   2529 |   2471 |     58 |     17 |   2063 |   4 |  632.2 |
               +--------+--------+--------+--------+--------+-----+--------+

Top non-repeatable levels by time:
     D:2: 969 daAuts
     D:1: 937 daAuts
     D:3: 538 daAuts
     D:4: 84 daAuts
